 Dungeon Crawl Stone Soup version 0.30-a0-972-gf3ab3527aa (webtiles) character file.

Game seed: 13287482545614907793

303 IdlyInterested the Cutter (level 6, -2/44 HPs)
             Began as a Demonspawn Gladiator on Mar 31, 2023.
             Killed by divine providence
             ... invoked by an orc priest
              (12 damage)
             ... on level 4 of the Dungeon.
             The game lasted 00:09:42 (3029 turns).

IdlyInterested the Cutter (Demonspawn Gladiator)    Turns: 3029, Time: 00:09:43

Health: -2/44      AC:  6    Str: 14    XL:     6   Next: 15%
Magic:  9/9        EV: 12    Int: 12    God:
Gold:   219        SH:  4    Dex: 14    Spells: 9/9 levels left

rFire   . . .      SeeInvis .    y - +1 short sword (freeze)
rCold   . . .      Faith    .    (no shield)
rNeg    . . .      Spirit   .    b - +0 leather armour
rPois   +          Reflect  .    c - +0 helmet
rElec   .          Rampage  .    (no cloak)
rCorr   .                        (no gloves)
Will    +....                    (no boots)
Stlth   ++                       (no amulet)
HPRegen 0.27/turn                i - ring of willpower
MPRegen 0.11/turn                w - ring of poison resistance

@: no status effects
A: slimy green scales 1, condensation shield, demonic magic 2
a: no special abilities


You were on level 4 of the Dungeon.
You visited 1 branch of the dungeon, and saw 4 of its levels.

You collected 219 gold pieces.

Inventory:

Hand Weapons
 g - a +0 dagger
 p - the +6 short sword of Vuihoo {heavy, rN+ Str+3}
   (You found it on level 2 of the Dungeon)

   Str:       It affects your strength (+3).
   rN:        It protects you from negative energy.
 y - a +1 short sword of freezing (weapon)
Missiles
 d - 4 throwing nets
 e - a javelin
 f - 40 stones (quivered)
 o - 2 boomerangs
 v - 6 atropa-tipped darts
Armour
 b - a +0 leather armour (worn)
 c - a +0 helmet (worn)
Jewellery
 i - a ring of willpower (left hand)
 u - a ring of flight
 w - a ring of poison resistance (right hand)
Wands
 j - a wand of polymorph (9)
Scrolls
 l - 3 scrolls of teleportation {unknown}
 n - a scroll of silence {unknown}
 q - a scroll of enchant armour {unknown}
 s - 4 scrolls of fog {unknown}
 t - 2 scrolls of blinking {unknown}
Potions
 a - a potion of heal wounds {unknown}
 h - a potion of curing
 r - a potion of mutation
 x - a potion of berserk rage {unknown}


   Skills:
 - Level 2.0 Fighting
 * Level 3.4(4.0) Short Blades
 - Level 3.0(3.7) Long Blades
 - Level 1.7 Throwing
 - Level 1.0 Armour
 - Level 2.6 Dodging
 + Level 2.7 Stealth
 + Level 2.1 Spellcasting
 - Level 1.0 Evocations


You had 9 spell levels left.
You didn't know any spells.
Your spell library was empty.

Dungeon Overview and Level Annotations

Branches:
Dungeon (4/15)
 Temple: D:4-7

Altars:
Trog


Innate Abilities, Weirdness & Mutations

You are partially covered in slimy green scales. (AC +2)
A meltable shield of frost defends you. (SH +4)
Spells you cast may paralyse nearby enemies.


Message History

You hit the orc. You freeze the orc.
You kill the orc!
You hit the kobold. You freeze the kobold.
You kill the kobold!
You hit the orc priest. You freeze the orc priest.
The orc priest is moderately wounded.
The orc priest hits you but does no damage.
You hit the orc priest. You freeze the orc priest.
The orc priest is severely wounded.
You block the orc priest's attack.
You hit the orc priest but do no damage.
The orc priest is severely wounded.
You hit the orc priest but do no damage.
The orc priest is severely wounded.
The orc priest hits you with a +1 falchion of holy wrath.
You convulse.
You hit the orc priest but do no damage.
The orc priest is severely wounded.
The orc priest invokes the aid of Beogh against you.
You resist with some effort.
You hit the orc priest but do no damage.
The orc priest is severely wounded.
The orc priest hits you with a +1 falchion of holy wrath.
You convulse.
You hit the orc priest. You freeze the orc priest.
The orc priest is severely wounded.
The orc priest hits you with a +1 falchion of holy wrath.
* * * LOW HITPOINT WARNING * * *
You convulse.
* * * LOW HITPOINT WARNING * * *
You barely miss the orc priest.
The orc priest is severely wounded.
You hit the orc priest but do no damage.
The orc priest is severely wounded.
The orc priest closely misses you.
You hit the orc priest but do no damage.
The orc priest is severely wounded.
The orc priest mumbles some strange prayers to Beogh against you.
Beogh smites you!
You die...

..... .... #...### .....
.... ..# #o# .
####@##≈~.~≈..
##.....≈#~≈~~~...
#...#~~~≈≈~#≈~~~...
###...#≈≈≈~.!.≈~≈#~^.
#.######..†#.~≈≈≈≈..~.~≈≈~.#
......#..####~≈≈≈≈~.~≈≈≈≈~≈.
#.......###~≈≈≈≈≈~≈.~~~≈~~~~
##....#..##~~≈~~~~"..~~≈~≈≈~
#######....~~~≈≈~.<.~#~~≈~w


You could see an orc priest.

Vanquished Creatures
  A jelly (D:2)
  A hound (D:3)
  An orc priest (D:3)
  Terence (D:2)
  5 adders
  A white imp (D:4)
  3 worms
  9 dart slugs
  11 orcs
  5 bats
  9 endoplasms
  4 giant cockroaches
  8 goblins
  8 hobgoblins
  9 jackals
  6 kobolds
  3 quokkas (D:2)
  6 ball pythons
  11 rats
102 creatures vanquished.

Notes
Turn   | Place    | Note
-------+----------+-------------------------------------------
     0 | D:1      | IdlyInterested the Demonspawn Gladiator began the quest for
                  | the Orb.
     0 | D:1      | Reached XP level 1. HP: 16/16 MP: 1/1
   151 | D:1      | Reached skill level 1 in Evocations
   165 | D:1      | Gained mutation: Spells you cast may paralyse adjacent
                  | enemies. [demonic ancestry]
   165 | D:1      | Reached XP level 2. HP: 22/22 MP: 2/2
   425 | D:1      | Found a faded altar of an unknown god.
   635 | D:1      | Gained mutation: You are partially covered in slimy green
                  | scales. (AC +2) [demonic ancestry]
   635 | D:1      | Reached XP level 3. HP: 19/27 MP: 3/3
   672 | D:1      | Reached skill level 1 in Short Blades
   677 | D:1      | Reached skill level 1 in Armour
   682 | D:1      | Reached skill level 1 in Stealth
  1276 | D:2      | Identified the +6 short sword of Vuihoo {heavy, rN+ Str+3}
  1360 | D:2      | Noticed Terence
  1373 | D:2      | Killed Terence
  1374 | D:2      | Reached XP level 4. HP: 10/33 MP: 4/4
  1503 | D:2      | Reached skill level 1 in Spellcasting
  1760 | D:2      | Gained mutation: A meltable shield of frost defends you.
                  | (SH +4) [demonic ancestry]
  1760 | D:2      | Reached XP level 5. HP: 32/38 MP: 5/7
  2508 | D:3      | Found a bloodstained altar of Trog.
  2772 | D:3      | Gained mutation: Spells you cast may paralyse nearby
                  | enemies. [demonic ancestry]
  2772 | D:3      | Reached XP level 6. HP: 44/44 MP: 9/9
  3029 | D:4      | Killed from afar by an orc priest

Illustrated notes

Levels and vault maps discovered:
D:1:      dpeg_arrival_signposts, layout_basic, ebering_ecumenical_altar_hall,
          nrook_loot_triangle
D:2:      wander_river, layout_rooms, solitary_fountain, uniq_terence
D:3:      layout_basic, mainiacjoe_overflow_brackets, serial_glass,
          glass_columns_a, glass_columns_b, minmay_fractal_squares_diagonal_5
D:4:      kennysheep_slugbush, layout_cave_pools, minmay_temple_entry_large_hall

Skill      XL: |  1  2  3  4  5 |
---------------+----------------+-----
Evocations     | 1 |  1.0
Long Blades    | 3 |  3.0
Short Blades   | 1 2 3 |  3.4
Armour         | 1 |  1.0
Stealth        | 1 2 |  2.7
Spellcasting   | 1 2 |  2.1
Fighting       | |  2.0
Throwing       | |  1.7
Dodging        | |  2.6

Action                     |  1- 3 |  4- 6 || total
---------------------------+-------+-------++-------
  Melee: Long sword        |    99 |    62 ||   161
         Punch             |     2 |     5 ||     7
         Short sword       |     7 |   152 ||   159
         Unarmed           |       |     4 ||     4
  Throw: Stone             |       |     2 ||     2
    Use: Scroll            |       |     5 ||     5
         Potion            |       |     1 ||     1
   Stab: Sleeping          |     1 |     5 ||     6
 Armour: Leather armour    |    37 |    44 ||    81
         Skin              |       |     2 ||     2
  Dodge: Dodged            |    74 |   114 ||   188
  Block: Other             |       |    26 ||    26

Table legend: (Time is in decaauts)
 A = Elapsed time spent in this place.
 B = Non-inter-level travel time spent in this place.
 C = Inter-level travel time spent in this place.
 D = Time resting spent in this place.
 E = Time spent auto-exploring this place.
 F = Levels seen in this place.
 G = Mean time per level.
                   A        B        C        D        E       F      G
               +--------+--------+--------+--------+--------+-----+--------+
         Total |   3063 |   2373 |    690 |    226 |   1182 |   4 |  765.8 |
       Dungeon |   3063 |   2373 |    690 |    226 |   1182 |   4 |  765.8 |
               +--------+--------+--------+--------+--------+-----+--------+

Top non-repeatable levels by time:
     D:1: 1401 daAuts
     D:3: 855 daAuts
     D:2: 703 daAuts
     D:4: 104 daAuts
